 Dungeon Sprint DCSS version 0.30.1-5-ged363bc7ee (webtiles) character file.

Game seed: 7814622077154931035

14 boopmooplesden the Trooper (level 2, -4/42 HPs)
             Began as a Draconian Berserker on Sept 20, 2023.
             Was a Believer of Trog.
             Slain by a flying skull (11 damage)
             ... in the Dungeon (Sprint VII: "The Pits").
             The game lasted 00:00:25 (81 turns).

boopmooplesden the Trooper (Draconian Berserker)      Turns: 81, Time: 00:00:26

Health: -4/42      AC:  4    Str: 19    XL:     2   Next: 31%
Magic:  2/2        EV: 12    Int:  7    God:    Trog [**....]
Gold:   0          SH:  0    Dex: 10    Spells: 1/1 levels left

rFire   . . .        h - +2 hand axe
rCold   . . .        (no shield)
rNeg    . . .        (body armour unavailable)
rPois   .            (helmet restricted)
rElec   .            (no cloak)
rCorr   .            (no gloves)
SInv    .            (no boots)
Will    .....        (no amulet) Stlth
                     (no ring)
HPRegen 0.27/turn    (no ring)
MPRegen 0.08/turn

%: no teleportation
@: berserking, very quick
A: AC +4, unfitting armour, cold-blooded
a: Renounce Religion, Berserk, Trog's Hand


You were in the Dungeon.
You worshipped Trog.
Trog was pleased with you.
You visited 1 branch

Inventory:

Hand Weapons
 a - a +0 hand axe
 h - a +2 hand axe (weapon)
Scrolls
 g - a scroll of blinking
 j - a scroll of butterflies
Potions
 b - a potion of curing
 c - a potion of heal wounds
 d - a potion of haste
 e - 4 potions of magic
 f - 3 potions of berserk rage
 i - 2 potions of invisibility


   Skills:
 + Level 4.5 Fighting
 + Level 4.0 Axes
 + Level 3.6 Dodging


You had one spell level left.
You didn't know any spells.
Your spell library was empty.

Dungeon Overview and Level Annotations

Branches:
Dungeon (1/1)

Altars:
Cheibriados
Dithmenos
Elyvilon
Fedhas
Gozag
Hepliaklqana
Makhleb
Nemelex Xobeh
Okawaru
Qazlal
Ru
Sif Muna
Trog
Vehumet
Wu Jian
Xom
Yredelemnul
Zin
The Shining One
Jiyva
Lugonu


Innate Abilities, Weirdness & Mutations

Your plain brown scales are hard. (AC +4)
You cannot fit into any form of body armour.
You are cold-blooded and may be slowed by cold attacks.


Message History

Trog accepts your kill. The rat bites you.
Your Fighting skill increases to level 4!
Your Axes skill increases to level 4!
You have reached level 2!
You hit the rat.
You kill the rat!
Trog accepts your kill.
There is an open door here.
You see here a +0 club.
You open the door.
A flying skull and a river rat come into view.
A river rat comes into view.
A gnoll comes into view. It is wielding a +0 club.
The gnoll shouts!
A red film seems to cover your vision as you go berserk!
You feel yourself moving faster!
You feel mighty! The flying skull hits you!
You slash the flying skull!
The flying skull is severely damaged.
The flying skull barely misses you.
You hit the flying skull.
The flying skull is almost destroyed.
The flying skull hits you!
You miss the flying skull.
The flying skull is almost destroyed.
The flying skull hits you. The flying skull completely misses you.
You miss the flying skull. Your punch misses the flying skull.
The flying skull is almost destroyed.
The flying skull barely misses you.
You barely miss the flying skull.
The flying skull is almost destroyed.
The flying skull hits you!
* * * LOW HITPOINT WARNING * * *
You completely miss the flying skull. Your punch misses the flying skull.
The flying skull is almost destroyed.
The flying skull hits you but does no damage.
You barely miss the flying skull.
The flying skull is almost destroyed.
The flying skull hits you!
You die...

##########'##...........
#.?(.')))'.##......#..#
##########.##..........
#...........'...........
#+#####'#####......#..#.
#.....##...........
#####)#####'#####+
#.....##.......#
#.@...##.......#
###z####.......# ..g..
#...<...#
.......##.......#
#..r.....##.......#
###########.......#
#########


You could see a flying skull and a gnoll.

Vanquished Creatures
  A gnoll (D)
  A giant cockroach (D)
  A hobgoblin (D)
  A quokka zombie (D)
  A rat (D)
5 creatures vanquished.

Notes
Turn   | Place    | Note
-------+----------+-------------------------------------------
     0 | D        | boopmooplesden the Draconian Berserker began the quest for
                  | the Orb.
     0 | D        | Reached XP level 1. HP: 19/19 MP: 1/1
    42 | D        | Found a bloodstained altar of Trog.
    42 | D        | Found a shimmering blue altar of Sif Muna.
    42 | D        | Found a viscous altar of Jiyva.
    42 | D        | Found a hazy altar of Hepliaklqana.
    42 | D        | Found an opulent altar of Gozag.
    43 | D        | Found a glowing golden altar of the Shining One.
    43 | D        | Found a glowing silver altar of Zin.
    43 | D        | Found a basalt altar of Yredelemnul.
    43 | D        | Found a shimmering altar of Xom.
    43 | D        | Found an ornate altar of the Wu Jian Council.
    43 | D        | Found a sacrificial altar of Ru.
    43 | D        | Found a stormy altar of Qazlal.
    43 | D        | Found an iron altar of Okawaru.
    43 | D        | Found a sparkling altar of Nemelex Xobeh.
    43 | D        | Found a burning altar of Makhleb.
    43 | D        | Found a blossoming altar of Fedhas.
    43 | D        | Found a white marble altar of Elyvilon.
    43 | D        | Found a shadowy altar of Dithmenos.
    43 | D        | Found a snail-covered altar of Cheibriados.
    44 | D        | Found a radiant altar of Vehumet.
    44 | D        | Found a corrupted altar of Lugonu.
    58 | D        | Reached ** piety under Trog
    67 | D        | Reached XP level 2. HP: 21/28 MP: 2/2
    71 | D        | Noticed a flying skull
    81 | D        | Slain by a flying skull

Illustrated notes

Levels and vault maps discovered:
D:        pitsprint [storerooms_1, entrance_room_1, metal_vault_8, armoury_2,
          mini_pit_1, grid_room_1, main_hall_1, silver_pit, the_coven_3,
          the_vestibule_1, steel_vault_4, golden_pit, hallway_of_sentries,
          crystal_vault_2, iron_vault_1, final_vault]

Skill      XL: |  1 |
---------------+----+-----
Dodging        | 3 |  3.6
Fighting       | 4 |  4.5
Axes           | 4 |  4.0

Action                     || total
---------------------------++-------
  Melee: Hand axe          ||    19
         Tailslap          ||     1
 Invoke: Berserk           ||     1
 Armour: Skin              ||     2
  Dodge: Dodged            ||    10
